 Dungeon Crawl Stone Soup version 0.30-a0-949-g53dc5368d7 (webtiles) character file.

Game seed: 16203775979758473231

115 Zonian the Ruffian (level 5, 0/32 HPs)
             Began as a Tengu Gladiator on Mar 27, 2023.
             Succumbed to a scorpion's poison
             ... on level 4 of the Dungeon.
             The game lasted 00:05:00 (2827 turns).

Zonian the Ruffian (Tengu Gladiator)                Turns: 2827, Time: 00:05:00

Health: 0/32       AC:  3    Str: 17    XL:     5   Next: 0%
Magic:  6/6        EV: 15    Int:  8    God:
Gold:   169        SH:  0    Dex: 15    Spells: 4/4 levels left

rFire   . . .      SeeInvis .      - Unarmed
rCold   . . .      Faith    .    (no shield)
rNeg    . . .      Spirit   .    a - +0 leather armour
rPois   .          Reflect  .    b - +0 hat
rElec   .          Rampage  .    (no cloak)
rCorr   .                        (no gloves)
Will    .....                    (boots unavailable)
Stlth   +                        (no amulet)
HPRegen 0.25/turn                (no ring)
MPRegen 0.10/turn                (no ring)

@: lethally poisoned (0 -> -2), flying quickly and evasively, quick
A: beak, talons 3, nimble flight
a: no special abilities


You were on level 4 of the Dungeon.
You visited 1 branch of the dungeon, and saw 4 of its levels.

You collected 169 gold pieces.

Inventory:

Missiles
 c - 3 throwing nets
 d - a javelin
 g - 6 boomerangs (quivered)
 m - 4 poisoned darts
Armour
 a - a +0 leather armour (worn)
 b - a +0 hat (worn)
Scrolls
 i - a scroll of enchant weapon
 q - a scroll of magic mapping
Potions
 e - 3 potions of degeneration
 h - a potion of might
 j - 2 potions of resistance
 k - a potion of lignification


   Skills:
 + Level 3.0 Fighting
 + Level 2.9 Throwing
 + Level 4.1 Dodging
 + Level 4.1 Unarmed Combat


You had 4 spell levels left.
You didn't know any spells.
Your spell library contained the following spells:

 Spells                   Type           Power      Damage    Failure   Level
 Apportation              Tloc           0%         N/A       47%         1
 Necrotise                Necr           0%         1d4       47%         1
 Ignite Poison            Fire/Tmut/Pois 0%         N/A       85%         3
 Kindle Blastsparks       Fire/Tloc/Air  0%         2d10      85%         3
 Vampiric Draining        Necr           0%         2d6       85%         3
 Agony                    Necr           0%         N/A       100%        5
 Freezing Cloud           Conj/Ice/Air   0%         6-21      100%        5


Dungeon Overview and Level Annotations

Branches:
Dungeon (4/15)             Temple (0/1) D:4

Altars:

Shops:
D:3 =

Annotations:
D:4 3 runed translucent doors, exclusion: oklob sapling


Innate Abilities, Weirdness & Mutations

You have a beak for a mouth.
You have claws for feet.
Your magical nature lets you fly swiftly and evasively.


Message History

The scorpion misses you. The adder bites you.
Okay, then.
Okay, then.
You feel very sick. The adder bites you but does no damage.
You feel very sick. The adder barely misses you.
The scorpion attacks as you move away!
The scorpion stings you but does no damage.
A gnoll comes into view. It is wielding a +0 spear.
You feel very sick. The adder bites you but does no damage.
The scorpion barely misses you.
The gnoll moves out of view.
The scorpion attacks as you move away! The scorpion closely misses you.
You feel very sick. The scorpion attacks as you move away!
The scorpion barely misses you.
* * * LOW HITPOINT WARNING * * *
You feel sick.
* * * LOW HITPOINT WARNING * * *
You feel sick. The adder attacks as you move away! The adder bites you.
* * * LOW HITPOINT WARNING * * *
The scorpion attacks as you move away! The scorpion misses you.
* * * LOW HITPOINT WARNING * * *
You feel sick.
* * * LOW HITPOINT WARNING * * *
You feel sick.
There is a stone staircase leading down here.
The adder attacks as you move away! The adder closely misses you.
* * * LOW HITPOINT WARNING * * *
You feel sick.
Okay, then.
You aren't carrying any items that you can evoke.
Unknown command.
You barely miss the adder. Your kick misses the adder.
* * * LOW HITPOINT WARNING * * *
You feel sick. The adder misses you. The adder barely misses you.
You closely miss the adder. Your kick misses the adder.
Your peck misses the adder.
You die...

####......#.####
#....##...........
#.##.##.##..#.##.. #.
#.##.##.##..#.##.. ##..
#.......##....<#.# #...
.....##.###.##.#.##..#
#....##........#.#..#
#....##....##..#.#.# #.
#.#####..#@..#####
..#####.#####...Ss......
#......#...............
######.#.####.#.#.#.#..
#...........#g..#.#..
#.##...............$.
#.##.....##.......#.#
#.##.........##...#
#.#..........# ##....


You could see a scorpion, an adder and a goblin.

Vanquished Creatures
  3 gnolls (D:3)
  An adder (D:2)
  2 dart slugs (D:2)
  4 orcs
  8 endoplasms
  A giant cockroach (D:1)
  6 goblins
  6 hobgoblins
  2 jackals (D:1)
  5 kobolds
  2 quokkas (D:2)
  10 ball pythons
  2 bats
  2 frilled lizards
  12 rats
66 creatures vanquished.

Vanquished Creatures (others)
  4 plants (D:4)
  5 toadstools (D:1)
9 creatures vanquished.

Grand Total: 75 creatures vanquished

Notes
Turn   | Place    | Note
-------+----------+-------------------------------------------
     0 | D:1      | Zonian the Tengu Gladiator began the quest for the Orb.
     0 | D:1      | Reached XP level 1. HP: 12/12 MP: 2/2
   161 | D:1      | Reached XP level 2. HP: 17/17 MP: 3/3
   531 | D:1      | Found a faded altar of an unknown god.
   542 | D:1      | Got Plato's Guide on Transportation
   566 | D:1      | Reached XP level 3. HP: 21/22 MP: 4/4
  1320 | D:2      | Reached XP level 4. HP: 25/27 MP: 5/5
  1803 | D:3      | Found Haung's One-of-a-Kind Rings.
  2694 | D:4      | Gained mutation: Your magical nature lets you fly swiftly
                  | and evasively. [Tengu growth]
  2694 | D:4      | Reached XP level 5. HP: 32/32 MP: 6/6
  2730 | D:4      | Found a runed translucent gate.
  2730 | D:4      | Found a runed translucent gate.
  2730 | D:4      | Found a runed translucent gate.
  2807 | D:4      | Found a staircase to the Ecumenical Temple.
  2826 | D:4      | HP: 1/32 [poisoned by a scorpion]
  2827 | D:4      | Succumbed to a scorpion's poison

Illustrated notes

Levels and vault maps discovered:
D:1:      ldierk_walled_garden, layout_basic,
          shapermc_ecumenical_altar_rom_forum, serial_bayou_pond_d,
          bh_walls_and_bars
D:2:      layout_loops_corners
D:3:      layout_loops_ring, grunt_ministairs_14, corexii_leaking_fountain,
          nicolae_shop_unique_rings
D:4:      layout_basic, minmay_temple_entry_oklob, serial_shops,
          kennysheep_mini, gammafunk_ghost_necromancy,
          hangedman_decor_peaks_small, kennysheep_boxes

Skill      XL: |  1  2  3  4 |
---------------+-------------+-----
Unarmed Combat | 4 |  4.1
Dodging        | 4 |  4.1
Fighting       | 3 |  3.0
Throwing       | |  2.9

Action                     |  1- 3 |  4- 6 || total
---------------------------+-------+-------++-------
  Melee: Unarmed           |   101 |    49 ||   150
         Kick              |    20 |    13 ||    33
         Peck              |    11 |     7 ||    18
         Punch             |     1 |     1 ||     2
  Throw: Boomerang         |     3 |     2 ||     5
    Use: Scroll            |       |    10 ||    10
         Potion            |       |     1 ||     1
 Armour: Leather armour    |    25 |     8 ||    33
  Dodge: Dodged            |    65 |    31 ||    96

Table legend: (Time is in decaauts)
 A = Elapsed time spent in this place.
 B = Non-inter-level travel time spent in this place.
 C = Inter-level travel time spent in this place.
 D = Time resting spent in this place.
 E = Time spent auto-exploring this place.
 F = Levels seen in this place.
 G = Mean time per level.
                   A        B        C        D        E       F      G
               +--------+--------+--------+--------+--------+-----+--------+
         Total |   2810 |   2707 |    103 |    100 |   2156 |   4 |  702.5 |
       Dungeon |   2810 |   2707 |    103 |    100 |   2156 |   4 |  702.5 |
               +--------+--------+--------+--------+--------+-----+--------+

Top non-repeatable levels by time:
     D:2: 929 daAuts
     D:1: 836 daAuts
     D:3: 811 daAuts
     D:4: 233 daAuts
